TOP OF THE 1ST |
---|
Boston Rebels batting - Pitching for Baffin Island Beavers : LHP Braydon Schute | Pitching: LHP Braydon Schute | | Batting: RHB Roberto Chávez | 0-0: Ball 1-0: Called Strike 1-1: Called Strike 1-2: SINGLE (Groundball, 56D) | Batting: SHB António Enríquez | 0-0: Ball 1-0: Ball 2-0: Fly out, F8 (Flyball, 8RM) | Batting: RHB Aaron Wilson | 0-0: Grounds into double play, 4-6-3 (Groundball, 34) | Top of the 1st over - 0 runs, 1 hit, 0 errors, 0 left on base; Boston 0 - Baffin Island 0 | BOTTOM OF THE 1ST |
---|
Baffin Island Beavers batting - Pitching for Boston Rebels : RHP Gary Grimes | Pitching: RHP Gary Grimes | | Batting: RHB Alden Isenhood | 0-0: Ball 1-0: Ball 2-0: Foul Ball, location: 2F 2-1: Foul Ball, location: 2F 2-2: Ground out 4-3 (Groundball, 4) | Batting: RHB Tony Morton | 0-0: Ball 1-0: SINGLE (Groundball, 4D) | Batting: LHB Howard Evans | 0-0: Foul Ball, location: 2F 0-1: Ball 1-1: Fly out, F9 (Line Drive, 9) | Batting: RHB Dave Craig | 0-0: Ball 1-0: Called Strike Tony Morton steals 2nd base 1-1: Ball 2-1: Foul Ball, location: 2F 2-2: Foul Ball, location: 2F 2-2: Ball 3-2: Fly out, F9 (Flyball, 9D) | Bottom of the 1st over - 0 runs, 1 hit, 0 errors, 1 left on base; Boston 0 - Baffin Island 0 | TOP OF THE 2ND |
---|
Boston Rebels batting - Pitching for Baffin Island Beavers : LHP Braydon Schute | Batting: RHB Alfredo López | 0-0: Ball 1-0: Ball 2-0: Called Strike 2-1: Swinging Strike 2-2: Strikes out swinging | Batting: LHB Pat Zimmerman | 0-0: Called Strike 0-1: Foul Ball, location: 2F 0-2: Foul Ball, location: 2F 0-2: Ball 1-2: Fly out, F9 (Flyball, 9) | Batting: LHB Felipe Guerrero | 0-0: Swinging Strike 0-1: Ball 1-1: Swinging Strike 1-2: Ball 2-2: Ball 3-2: Strikes out looking | Top of the 2nd over - 0 runs, 0 hits, 0 errors, 0 left on base; Boston 0 - Baffin Island 0 | BOTTOM OF THE 2ND |
---|
Baffin Island Beavers batting - Pitching for Boston Rebels : RHP Gary Grimes | Batting: LHB Lorenzo Villa | 0-0: Fly out, F7 (Flyball, 78S) | Batting: SHB Alonso Ferreira | 0-0: SINGLE (Flyball, 89S) | Batting: LHB Eric Wheeler | 0-0: Foul Ball, location: 2F 0-1: Ball 1-1: Foul Ball, location: 2F 1-2: Foul Ball, location: 2F 1-2: Ball 2-2: Strikes out swinging | Batting: LHB César Valentín | 0-0: 2-RUN HOME RUN (Flyball, 9LD), Distance : 380 ft | Batting: RHB Pedro Molina | 0-0: Foul Ball, location: 2F 0-1: Fly out, F6 (Flyball, 56D) | Bottom of the 2nd over - 2 runs, 2 hits, 0 errors, 0 left on base; Boston 0 - Baffin Island 2 | TOP OF THE 3RD |
---|
Boston Rebels batting - Pitching for Baffin Island Beavers : LHP Braydon Schute | Batting: RHB Denver Baker | 0-0: Ball 1-0: Swinging Strike 1-1: Ball 2-1: DOUBLE (Groundball, 5L) | Batting: RHB Aaron Washington | 0-0: Ball 1-0: DOUBLE (Line Drive, 9LM) Denver Baker scores | Batting: RHB Evan Robinson | 0-0: Called Strike 0-1: Foul Ball, location: 2F 0-2: Strikes out looking | Batting: RHB Roberto Chávez | 0-0: Swinging Strike 0-1: DOUBLE (Line Drive, 78D) Aaron Washington scores | Batting: SHB António Enríquez | 0-0: Ball 1-0: Ball 2-0: Foul Ball, location: 2F 2-1: Ground out 5-3 (Groundball, 56S) Roberto Chávez to third | Batting: RHB Aaron Wilson | 0-0: Swinging Strike 0-1: Swinging Strike 0-2: Ball 1-2: Strikes out swinging | Top of the 3rd over - 2 runs, 3 hits, 0 errors, 1 left on base; Boston 2 - Baffin Island 2 | BOTTOM OF THE 3RD |
---|
Baffin Island Beavers batting - Pitching for Boston Rebels : RHP Gary Grimes | Batting: RHB Alden Isenhood | 0-0: Ball 1-0: Called Strike 1-1: Ball 2-1: Foul Ball, location: 2F 2-2: Foul Ball, location: 2F 2-2: Ball 3-2: Strikes out swinging | Batting: RHB Tony Morton | 0-0: Ball 1-0: Ball 2-0: Fly out, F8 (Line Drive, 8RD) | Batting: LHB Howard Evans | 0-0: Ball 1-0: Called Strike 1-1: Fly out, F8 (Flyball, 8LM) | Bottom of the 3rd over - 0 runs, 0 hits, 0 errors, 0 left on base; Boston 2 - Baffin Island 2 | TOP OF THE 4TH |
---|
Boston Rebels batting - Pitching for Baffin Island Beavers : LHP Braydon Schute | Batting: RHB Alfredo López | 0-0: Called Strike 0-1: Ball 1-1: Called Strike 1-2: Ball 2-2: Ball 3-2: Ground out U3 (Groundball, 3L) | Batting: LHB Pat Zimmerman | 0-0: Ball 1-0: Ground out 6-3 (Groundball, 6) | Batting: LHB Felipe Guerrero | 0-0: Ball 1-0: Ball 2-0: Ball 3-0: SINGLE (Flyball, 7S) | Batting: RHB Denver Baker | 0-0: Called Strike 0-1: Ball 1-1: Ball 2-1: Foul Ball, location: 2F 2-2: Foul Ball, location: 2F 2-2: Foul Ball, location: 2F 2-2: Strikes out swinging | Top of the 4th over - 0 runs, 1 hit, 0 errors, 1 left on base; Boston 2 - Baffin Island 2 | BOTTOM OF THE 4TH |
---|
Baffin Island Beavers batting - Pitching for Boston Rebels : RHP Gary Grimes | Batting: RHB Dave Craig | 0-0: Ball 1-0: Ball 2-0: Called Strike 2-1: Foul Ball, location: 2F 2-2: Ball 3-2: Base on Balls | Batting: LHB Lorenzo Villa | 0-0: Called Strike 0-1: Swinging Strike 0-2: Ball 1-2: Grounds into double play, 4-6-3 (Groundball, 4) | Batting: SHB Alonso Ferreira | 0-0: Called Strike 0-1: Swinging Strike 0-2: Strikes out swinging | Bottom of the 4th over - 0 runs, 0 hits, 0 errors, 0 left on base; Boston 2 - Baffin Island 2 | TOP OF THE 5TH |
---|
Boston Rebels batting - Pitching for Baffin Island Beavers : LHP Braydon Schute | Batting: RHB Aaron Washington | 0-0: Ball 1-0: Ground out 6-3 (Groundball, 6) | Batting: RHB Evan Robinson | 0-0: Foul Ball, location: 2F 0-1: Called Strike 0-2: Foul Ball, location: 2F 0-2: Strikes out swinging | Batting: RHB Roberto Chávez | 0-0: Called Strike 0-1: Ball 1-1: Swinging Strike 1-2: Strikes out looking | Top of the 5th over - 0 runs, 0 hits, 0 errors, 0 left on base; Boston 2 - Baffin Island 2 | BOTTOM OF THE 5TH |
---|
Baffin Island Beavers batting - Pitching for Boston Rebels : RHP Gary Grimes | Batting: LHB Eric Wheeler | 0-0: Ball 1-0: Ball 2-0: Called Strike 2-1: Called Strike 2-2: Foul Ball, location: 2F 2-2: Ball 3-2: Base on Balls | Batting: LHB César Valentín | 0-0: Ball 1-0: Ball 2-0: Grounds into double play, 4-6-3 (Groundball, 34) | Batting: RHB Pedro Molina | 0-0: Called Strike 0-1: Swinging Strike 0-2: Ball 1-2: Foul Ball, location: 2F 1-2: Ball 2-2: Ground out 5-3 (Groundball, 5L) | Bottom of the 5th over - 0 runs, 0 hits, 0 errors, 0 left on base; Boston 2 - Baffin Island 2 | TOP OF THE 6TH |
---|
Boston Rebels batting - Pitching for Baffin Island Beavers : LHP Braydon Schute | Batting: SHB António Enríquez | 0-0: Ball 1-0: Called Strike 1-1: DOUBLE (Flyball, 89D) | Batting: RHB Aaron Wilson | 0-0: Called Strike 0-1: SINGLE (Groundball, 4MS) (infield hit) António Enríquez to third | Pitching: LHP Roberto Barrón | | Batting: RHB Alfredo López | 0-0: Ball 1-0: Foul Ball, location: 2F 1-1: Ball 2-1: Foul Ball, location: 2F 2-2: Foul Ball, location: 2F 2-2: Foul Ball, location: 2F 2-2: Strikes out swinging | Batting: LHB Pat Zimmerman | 0-0: Ball 1-0: Fly out, F7 (Flyball, 7S) Runner from 3rd tags up, SCORES, no throw | Batting: LHB Felipe Guerrero | 0-0: SINGLE (Flyball, 7S) Aaron Wilson to second | Batting: RHB Denver Baker | 0-0: Called Strike 0-1: Ball 1-1: Foul Ball, location: 2F 1-2: Ball 2-2: Fly out, F8 (Flyball, 8RS) | Top of the 6th over - 1 run, 3 hits, 0 errors, 2 left on base; Boston 3 - Baffin Island 2 | BOTTOM OF THE 6TH |
---|
Baffin Island Beavers batting - Pitching for Boston Rebels : RHP Gary Grimes | Batting: RHB Alden Isenhood | 0-0: Ball 1-0: Called Strike 1-1: Ball 2-1: Ball 3-1: Called Strike 3-2: Foul Ball, location: 2F 3-2: Base on Balls | Batting: RHB Tony Morton | 0-0: Called Strike 0-1: Ball 1-1: Ball 2-1: Foul Ball, location: 2F 2-2: Fly out, F8 (Line Drive, 8RM) | Batting: LHB Howard Evans | 0-0: Ball 1-0: Foul Ball, location: 2F 1-1: SINGLE (Groundball, 34) (infield hit) Alden Isenhood to second | Batting: RHB Dave Craig | 0-0: Foul Ball, location: 2F 0-1: Ball 1-1: Ball 2-1: Foul Ball, location: 2F 2-2: Ground out 5-3 (Groundball, 56S) Alden Isenhood to third Howard Evans to second | Batting: LHB Lorenzo Villa | 0-0: Ball 1-0: Called Strike 1-1: Ball 2-1: Fly out, F4 (Line Drive, 4) | Bottom of the 6th over - 0 runs, 1 hit, 0 errors, 2 left on base; Boston 3 - Baffin Island 2 | TOP OF THE 7TH |
---|
Boston Rebels batting - Pitching for Baffin Island Beavers : LHP Roberto Barrón | Batting: RHB Aaron Washington | 0-0: Called Strike 0-1: Ground out 6-3 (Groundball, 6) | Batting: RHB Evan Robinson | 0-0: Ground out 4-3 (Groundball, 4) | Batting: RHB Roberto Chávez | 0-0: Foul Ball, location: 2F 0-1: Foul Ball, location: 2F 0-2: Foul Ball, location: 2F 0-2: Ground out 4-3 (Groundball, 4) | Top of the 7th over - 0 runs, 0 hits, 0 errors, 0 left on base; Boston 3 - Baffin Island 2 | BOTTOM OF THE 7TH |
---|
Baffin Island Beavers batting - Pitching for Boston Rebels : RHP Gary Grimes | Batting: SHB Alonso Ferreira | 0-0: Ball 1-0: Called Strike 1-1: Ball 2-1: Ground out U3 (Groundball, 34) | Batting: LHB Eric Wheeler | 0-0: Ball 1-0: Fly out, F8 (Flyball, 89M) | Batting: LHB César Valentín | 0-0: Called Strike 0-1: Foul Ball, location: 2F 0-2: Ball 1-2: Fly out, F4 (Flyball, 34D) | Bottom of the 7th over - 0 runs, 0 hits, 0 errors, 0 left on base; Boston 3 - Baffin Island 2 | TOP OF THE 8TH |
---|
Boston Rebels batting - Pitching for Baffin Island Beavers : LHP Roberto Barrón | Batting: SHB António Enríquez | 0-0: Foul Ball, location: 2F 0-1: Foul Ball, location: 2F 0-2: Strikes out swinging | Batting: RHB Aaron Wilson | 0-0: Fly out, F8 (Line Drive, 89M) | Batting: RHB Alfredo López | 0-0: Ball 1-0: Ball 2-0: Foul Ball, location: 2F 2-1: Ball 3-1: Called Strike 3-2: Base on Balls | Batting: LHB Pat Zimmerman | 0-0: Called Strike 0-1: Swinging Strike 0-2: Strikes out looking | Top of the 8th over - 0 runs, 0 hits, 0 errors, 1 left on base; Boston 3 - Baffin Island 2 | BOTTOM OF THE 8TH |
---|
Baffin Island Beavers batting - Pitching for Boston Rebels : RHP Gary Grimes | Pitching: RHP David Lester | | Batting: RHB Pedro Molina | 0-0: Ball 1-0: Ground out 1-3 (Groundball, 13S) | Batting: RHB Alden Isenhood | 0-0: Swinging Strike 0-1: Ball 1-1: Called Strike 1-2: Ground out 6-3 (Groundball, 6) | Batting: RHB Tony Morton | 0-0: Ball 1-0: Foul Ball, location: 2F 1-1: Called Strike 1-2: Strikes out looking | Bottom of the 8th over - 0 runs, 0 hits, 0 errors, 0 left on base; Boston 3 - Baffin Island 2 | TOP OF THE 9TH |
---|
Boston Rebels batting - Pitching for Baffin Island Beavers : LHP Roberto Barrón | Pitching: RHP Tony Rocha | | Batting: LHB Felipe Guerrero | 0-0: Foul Ball, location: 2F 0-1: Ball 1-1: DOUBLE (Line Drive, 8LXD) | Pinch Hitting: LHB Ricardo Brandariz | 0-0: Intentional Walk | Batting: RHB Aaron Washington | 0-0: Ball 1-0: Bunt - Flyout! F3 | Batting: RHB Evan Robinson | 0-0: Called Strike 0-1: Ball 1-1: Foul Ball, location: 2F 1-2: Ball 2-2: Ball 3-2: Strikes out looking | Batting: RHB Roberto Chávez | 0-0: Called Strike 0-1: Ball 1-1: Swinging Strike 1-2: Foul Ball, location: 2F 1-2: Foul Ball, location: 2F 1-2: Strikes out swinging | Top of the 9th over - 0 runs, 1 hit, 0 errors, 2 left on base; Boston 3 - Baffin Island 2 | BOTTOM OF THE 9TH |
---|
Baffin Island Beavers batting - Pitching for Boston Rebels : RHP David Lester | Pitching: RHP Tomás Molina | | Now in LF: Ricardo Brandariz | | Batting: LHB Howard Evans | 0-0: Called Strike 0-1: Fly out, F4 (Line Drive, 4MD) | Batting: RHB Dave Craig | 0-0: Ball 1-0: Foul Ball, location: 2F 1-1: Ball 2-1: Foul Ball, location: 2F 2-2: Ball 3-2: SINGLE (Flyball, 78M) | Batting: LHB Lorenzo Villa | 0-0: Ball 1-0: Foul Ball, location: 2F 1-1: SINGLE (Groundball, 6D) Dave Craig to second Runner from 2nd tries for 3rd, SAFE, throw made to third | Batting: SHB Alonso Ferreira | 0-0: Called Strike 0-1: Called Strike 0-2: Ball 1-2: Foul Ball, location: 2F 1-2: Fly out, F7 (Flyball, 7) Runner from 3rd tags up, SCORES, throw made | Batting: LHB Eric Wheeler | 0-0: Called Strike 0-1: Swinging Strike 0-2: Ball 1-2: Fly out, F8 (Flyball, 8LM) | Bottom of the 9th over - 1 run, 2 hits, 0 errors, 1 left on base; Boston 3 - Baffin Island 3 | TOP OF THE 10TH |
---|
Boston Rebels batting - Pitching for Baffin Island Beavers : RHP Tony Rocha | Batting: SHB António Enríquez | 0-0: Ball 1-0: Foul Ball, location: 2F 1-1: Ball 2-1: Foul Ball, location: 2F 2-2: Ball 3-2: Ground out 4-3 (Groundball, 4) | Batting: RHB Aaron Wilson | 0-0: Foul Ball, location: 2F 0-1: Called Strike 0-2: Ball 1-2: Strikes out looking | Batting: RHB Alfredo López | 0-0: Ball 1-0: Foul Ball, location: 2F 1-1: Swinging Strike 1-2: Strikes out swinging | Top of the 10th over - 0 runs, 0 hits, 0 errors, 0 left on base; Boston 3 - Baffin Island 3 | BOTTOM OF THE 10TH |
---|
Baffin Island Beavers batting - Pitching for Boston Rebels : RHP Tomás Molina | Batting: LHB César Valentín | 0-0: Ball 1-0: Fly out, F3 (Line Drive, 3) | Batting: RHB Pedro Molina | 0-0: Swinging Strike 0-1: Called Strike 0-2: Foul Ball, location: 2F 0-2: Strikes out looking | Batting: RHB Alden Isenhood | 0-0: Ball 1-0: Ground out 4-3 (Groundball, 4) | Bottom of the 10th over - 0 runs, 0 hits, 0 errors, 0 left on base; Boston 3 - Baffin Island 3 | TOP OF THE 11TH |
---|
Boston Rebels batting - Pitching for Baffin Island Beavers : RHP Tony Rocha | Pitching: RHP Beau Brown | | Batting: LHB Pat Zimmerman | 0-0: Foul Ball, location: 2F 0-1: Swinging Strike 0-2: Strikes out swinging | Batting: LHB Felipe Guerrero | 0-0: Ball 1-0: Ball 2-0: Foul Ball, location: 2F 2-1: Swinging Strike 2-2: SINGLE (Line Drive, 6MD) | Batting: LHB Ricardo Brandariz | 0-0: Ball 1-0: Fielders Choice at 2nd, 6-4 (Groundball, 56) | Batting: RHB Aaron Washington | 0-0: Ball 1-0: Foul Ball, location: 2F 1-1: Ball 2-1: Fly out, F8 (Flyball, 8LD) | Top of the 11th over - 0 runs, 1 hit, 0 errors, 1 left on base; Boston 3 - Baffin Island 3 | BOTTOM OF THE 11TH |
---|
Baffin Island Beavers batting - Pitching for Boston Rebels : RHP Tomás Molina | Pitching: RHP Beau Murphy | | Batting: RHB Tony Morton | 0-0: Called Strike 0-1: Ball 1-1: Called Strike 1-2: Fly out, F3 (Popup, 23F) | Batting: LHB Howard Evans | 0-0: Called Strike 0-1: Ball 1-1: Foul Ball, location: 2F 1-2: Foul Ball, location: 2F 1-2: Ball 2-2: Ball 3-2: Base on Balls | Batting: RHB Dave Craig | 0-0: Called Strike 0-1: Ball 1-1: Ball 2-1: Grounds into double play, 1-4-3 (Groundball, 15) | Bottom of the 11th over - 0 runs, 0 hits, 0 errors, 0 left on base; Boston 3 - Baffin Island 3 | TOP OF THE 12TH |
---|
Boston Rebels batting - Pitching for Baffin Island Beavers : RHP Beau Brown | Batting: RHB Evan Robinson | 0-0: Called Strike 0-1: Ball 1-1: Ground out 5-3 (Groundball, 56S) | Batting: RHB Roberto Chávez | 0-0: Ball 1-0: Ball 2-0: Called Strike 2-1: Ball 3-1: Called Strike 3-2: Foul Ball, location: 2F 3-2: Foul Ball, location: 2F 3-2: Base on Balls | Batting: SHB António Enríquez | 0-0: Ball Roberto Chávez steals 2nd base 1-0: Intentional Walk | Batting: RHB Aaron Wilson | 0-0: SINGLE (Groundball, 34D) Roberto Chávez to third António Enríquez to second Runner from 3rd tries for Home, SAFE, no throw | Batting: RHB Alfredo López | 0-0: Called Strike 0-1: Ball 1-1: Fly out, F8 (Flyball, 8RM) | Batting: LHB Pat Zimmerman | 0-0: Foul Ball, location: 2F 0-1: Foul Ball, location: 2F 0-2: Ball 1-2: Ground out 6-3 (Groundball, 6M) | Top of the 12th over - 1 run, 1 hit, 0 errors, 2 left on base; Boston 4 - Baffin Island 3 | BOTTOM OF THE 12TH |
---|
Baffin Island Beavers batting - Pitching for Boston Rebels : RHP Beau Murphy | Batting: LHB Lorenzo Villa | 0-0: Ball 1-0: Swinging Strike 1-1: Foul Ball, location: 2F 1-2: Ball 2-2: Ball 3-2: DOUBLE (Flyball, 8RXD) | Batting: SHB Alonso Ferreira | 0-0: Ball 1-0: Ball 2-0: Foul Ball, location: 2F 2-1: Foul Ball, location: 2F 2-2: Ball 3-2: Base on Balls | Batting: LHB Eric Wheeler | 0-0: Sac Bunt - play at first, batter OUT! 2-4 Lorenzo Villa to third Alonso Ferreira to second | Batting: LHB César Valentín | 0-0: Foul Ball, location: 2F 0-1: Foul Ball, location: 2F 0-2: SINGLE (Line Drive, 4MD) Lorenzo Villa scores Alonso Ferreira to third Runner from 3rd tries for Home, SAFE, no throw | Saturday, December 16th, 2017 - OOTP Baseball 18.8 Build 76 |
|